 Dungeon Crawl Stone Soup version 0.21.1-1-g345015f (webtiles) character file.

212 Zubo the Conjurer (level 5, 0/28 HPs)
             Began as a Deep Elf Conjurer on June 20, 2018.
             Slain by a hobgoblin
             ... wielding a cursed -2 club
              (6 damage)
             ... on level 4 of the Dungeon.
             The game lasted 00:06:30 (2315 turns).

Zubo the Conjurer (Deep Elf Conjurer)               Turns: 2315, Time: 00:06:31

Health: 0/28       AC:  2    Str:  5    XL:     5   Next: 58%
Magic:  2/11       EV: 13    Int: 21    God:
Gold:   74         SH:  0    Dex: 15    Spells: 3/10 levels left

rFire    . . .     SeeInvis .   (no weapon)
rCold    . . .     Gourm    .   (no shield)
rNeg     . . .     Faith    .   a - +0 robe
rPois    .         Spirit   .   (no helmet)
rElec    .         Reflect  .   (no cloak)
rCorr    .         Harm     .   (no gloves)
MR       .....                  (no boots)
Stlth    ++........             (no amulet)
HPRegen  0.09/turn              (no ring)
MPRegen  0.12/turn              (no ring)

@: flying
A: no striking features
a: no special abilities


You were on level 4 of the Dungeon.
You were not hungry.

You visited 1 branch of the dungeon, and saw 4 of its levels.

You collected 74 gold pieces.

Inventory:

Armour
 a - a +0 robe (worn)
Scrolls
 d - a scroll of blinking {unknown}
 e - 3 scrolls of remove curse {unknown}
 g - a scroll of magic mapping {unknown}
 i - a scroll of amnesia {unknown}
 j - a scroll of enchant weapon {unknown}
Potions
 f - a potion of curing
 h - a potion of flight
 l - a potion of agility {unknown}
Books
 b - a book of Conjurations

   Spells                             Type                      Level
   a - Magic Dart                     Conjuration                  1
   b - Searing Ray                    Conjuration                  2
   c - Dazzling Spray                 Conjuration/Hexes            3
   d - Fulminant Prism                Conjuration/Hexes            4
   e - Force Lance                    Conjuration/Translocation    4
   f - Iskenderun's Mystic Blast      Conjuration                  4
Comestibles
 c - 2 rations
 k - a chunk of flesh


   Skills:
 - Level 2.4 Dodging
 - Level 2.4 Stealth
 - Level 3.0 Spellcasting
 + Level 7.6 Conjurations


You had 3 spell levels left.
You knew the following spells:

 Your Spells              Type           Power        Failure   Level  Hunger
a - Magic Dart            Conj           ####         1%          1    None
b - Searing Ray           Conj           #####.       1%          2    ##.....
c - Fulminant Prism       Conj/Hex       ###.......   26%         4    ####...


Dungeon Overview and Level Annotations

Branches:
Dungeon (4/15)
 Temple: D:4-7

Altars:
Dithmenos
Trog
Uskayaw

Annotations:
D:2 Robin
D:3 Natasha


Message History

The magic dart hits you!
* * * LOW HITPOINT WARNING * * *
You see here a spear.
Some of the chunks of flesh in your inventory have rotted away.
There is a stone staircase leading down here.
The crimson imp sputters.
The hobgoblin closely misses you.
You fly downwards.
Found a bloodstained altar of Trog.
There is a stone staircase leading up here.
Casting: Magic Dart
Confirm with . or Enter, or press ? or * to list all spells.
Aiming: Searing Ray
Press: ? - help, Shift-Dir - straight line, f - hobgoblin
Aim: a hobgoblin, wielding a club The searing ray hits the hobgoblin.
The hobgoblin is severely wounded. (Press . to maintain the ray.)
The hobgoblin hits you with a club.
You die...

# .#
#########.##
#.....#.._.
#.......#
#....@#
#....g#
#.....#
###.### #.
#. #


You could see a hobgoblin.

Vanquished Creatures
  Natasha (D:3)
  6 adders
  5 gnolls
  2 worms (D:2)
  5 dart slugs
  2 leopard geckos
  5 bats
  2 giant cockroaches
  14 hobgoblins
  2 jackals (D:1)
  4 kobolds
  2 quokkas
  A ball python (D:1)
  3 frilled lizards
  9 goblins
  6 rats
69 creatures vanquished.

Vanquished Creatures (others)
  A fulminant prism (D:3)
1 creature vanquished.

Grand Total: 70 creatures vanquished

Notes
Turn   | Place    | Note
-------+----------+-------------------------------------------
     0 | D:1      | Zubo the Deep Elf Conjurer began the quest for the Orb.
     0 | D:1      | Reached XP level 1. HP: 10/10 MP: 6/6
    69 | D:1      | Reached skill level 5 in Conjurations
    69 | D:1      | Reached XP level 2. HP: 15/15 MP: 2/8
   498 | D:1      | Reached XP level 3. HP: 19/19 MP: 4/9
  1059 | D:2      | Reached skill level 6 in Conjurations
  1063 | D:2      | Learned a level 2 spell: Searing Ray
  1076 | D:2      | Reached XP level 4. HP: 24/24 MP: 0/10
  1283 | D:2      | Noticed Robin
  1479 | D:2      | Learned a level 4 spell: Fulminant Prism
  1500 | D:2      | Found a faded altar of an unknown god.
  1870 | D:3      | Found a hide-covered altar of Uskayaw.
  1924 | D:3      | Found a shadowy altar of Dithmenos.
  2049 | D:3      | Noticed Natasha
  2053 | D:3      | Killed Natasha
  2053 | D:3      | Reached skill level 7 in Conjurations
  2053 | D:3      | Reached XP level 5. HP: 26/28 MP: 5/11
  2277 | D:3      | Noticed Natasha
  2314 | D:4      | Found a bloodstained altar of Trog.
  2315 | D:4      | Slain by a hobgoblin

Skill      XL: |  1  2  3  4 |
---------------+-------------+-----
Conjurations   | 5 6 7 |  7.6
Dodging        | |  2.4
Stealth        | |  2.4
Spellcasting   | |  3.0

Action                   |  1- 3 |  4- 6 || total
-------------------------+-------+-------++-------
Melee: Unarmed           |       |     4 ||     4
 Cast: Magic Dart        |    76 |    67 ||   143
       Searing Ray       |       |     4 ||     4
       Fulminant Prism   |       |     1 ||     1
  Use: Potion            |       |     1 ||     1
  Eat: Chunk             |       |     4 ||     4
Armor: Robe              |       |     1 ||     1
Dodge: Dodged            |     6 |    13 ||    19
